 Dungeon Crawl Stone Soup version 0.22-a0 (webtiles) character file.

182 Lanoc the Magician (level 5, -7/37 HPs)
             Began as a Gnoll Wizard on Dec 31, 2017.
             Mangled by Squigly's ghost (13 damage)
             ... on level 3 of the Dungeon.
             The game lasted 00:13:05 (2358 turns).

Lanoc the Magician (Gnoll Wizard)                   Turns: 2358, Time: 00:13:05

Health: -7/37      AC:  2    Str: 10    XL:     5   Next: 61%
Magic:  14/14      EV: 16    Int: 21    God:
Gold:   105        SH:  0    Dex: 13    Spells: 9/18 levels left

rFire    . . .     SeeInvis .   h - +2 dagger (drain)
rCold    . . .     Gourm    .   (no shield)
rNeg     . . .     Faith    .   a - +0 robe
rPois    +         Spirit   .   b - +0 hat
rElec    .         Reflect  .   (no cloak)
rCorr    .         Harm     .   (no gloves)
MR       .....                  (no boots)
Stlth    +++.......             (no amulet)
HPRegen  0.12/turn              i - ring of poison resistance
MPRegen  0.14/turn              v - +2 ring of evasion

@: flying
A: distributed training, fangs 1, strong nose
a: no special abilities


You were on level 3 of the Dungeon.
You were hungry.

You visited 1 branch of the dungeon, and saw 3 of its levels.

You collected 105 gold pieces.

Inventory:

Hand Weapons
 h - a +2 dagger of draining (weapon)
 z - a +3 shortbow
Missiles
 j - 25 arrows
Armour
 a - a +0 robe (worn)
 b - a +0 hat (worn)
Jewellery
 i - a ring of poison resistance (left hand)
 p - an uncursed ring of fire
 v - a +2 ring of evasion (right hand)
Scrolls
 e - 2 scrolls of enchant weapon {unknown}
 k - a scroll of magic mapping {unknown}
 l - a scroll of blinking {unknown}
 m - 5 scrolls of identify {unknown}
 q - a scroll of amnesia {unknown}
 r - 2 scrolls of remove curse {unknown}
 s - a scroll of enchant armour {unknown}
 t - a scroll of noise {unknown}
 w - a scroll of immolation {unknown}
 y - a scroll of teleportation {unknown}
Potions
 u - a potion of magic {unknown}
 x - a potion of brilliance {unknown}
Books
 c - a book of Minor Magic

   Spells                             Type                      Level
   a - Magic Dart                     Conjuration                  1
   b - Blink                          Translocation                2
   c - Call Imp                       Summoning                    2
   d - Slow                           Hexes                        2
   e - Conjure Flame                  Conjuration/Fire             3
   f - Mephitic Cloud                 Conjuration/Poison/Air       3
 A - a book of Changes

   Spells                             Type                      Level
   a - Beastly Appendage              Transmutation                1
   b - Sticks to Snakes               Transmutation                2
   c - Spider Form                    Transmutation/Poison         3
   d - Ice Form                       Ice/Transmutation            4
   e - Blade Hands                    Transmutation                5
Comestibles
 d - 5 rations
 n - 3 chunks of flesh


   Skills:
 + Level 1.5 Fighting
 + Level 1.5 Short Blades
 + Level 1.5 Long Blades
 + Level 1.5 Axes
 + Level 1.5 Maces & Flails
 + Level 1.5 Polearms
 + Level 1.5 Staves
 + Level 1.5 Slings
 + Level 1.5 Bows
 + Level 1.5 Crossbows
 + Level 1.5 Throwing
 + Level 1.5 Armour
 + Level 4.8 Dodging
 + Level 4.4 Stealth
 + Level 1.5 Shields
 + Level 1.5 Unarmed Combat
 + Level 7.3 Spellcasting
 + Level 2.4 Conjurations
 + Level 1.2 Hexes
 + Level 1.2 Charms
 + Level 2.4 Summonings
 + Level 1.2 Necromancy
 + Level 2.4 Translocations
 + Level 1.2 Transmutations
 + Level 1.2 Fire Magic
 + Level 1.2 Ice Magic
 + Level 1.2 Air Magic
 + Level 1.2 Earth Magic
 + Level 1.2 Poison Magic
 + Level 1.7 Invocations
 + Level 1.5 Evocations


You had 9 spell levels left.
You knew the following spells:

 Your Spells              Type           Power        Failure   Level  Hunger
a - Magic Dart            Conj           ###.         3%          1    None
b - Mephitic Cloud        Conj/Pois/Air  ##......     13%         3    None
c - Sticks to Snakes      Tmut           ##......     8%          2    None
d - Spider Form           Tmut/Pois      ##........   16%         3    None


Dungeon Overview and Level Annotations

Branches:
Dungeon (3/15)

Altars:

Annotations:
D:3 Squigly's ghost, amateur FoFi


Innate Abilities, Weirdness & Mutations

Your experience applies equally to all skills.
You have very sharp teeth.
Your uncanny sense of smell can sniff out nearby items.


Message History

Your adder bites Squigly's ghost but does no damage.
It was a potion of ambrosia.
You are confused.
You feel invigorated. Squigly's ghost hits you!
* * * LOW HITPOINT WARNING * * *
Your adder bites Squigly's ghost but does no damage.
It was a potion of curing.
You feel better.
You feel less invigorated. Squigly's ghost hits you.
* * * LOW HITPOINT WARNING * * *
Your adder bites Squigly's ghost but does no damage.
You feel better.
Your adder closely misses Squigly's ghost.
Squigly's ghost hits you!
* * * LOW HITPOINT WARNING * * *
It was a potion of flight.
You feel very buoyant.
You fly up into the air.
Your adder bites Squigly's ghost but does no damage.
Squigly's ghost hits you!
You die...

.<.....)..# #........##).#
........#.# #........##..######
........#.####........##.......#
........#.............##.......#
....##########........##...(...#
.......................'.......#
....####################.......#
....# #############.......##
....# #....@P..............)
##### #....W≈≈≈≈≈≈≈≈≈≈≈≈≈≈≈≈
#....S≈≈≈≈≈≈≈≈≈≈≈≈≈≈≈≈
#....≈≈#####≈≈≈≈≈≈≈≈≈≈
#....≈≈#.g.#..........
#....≈≈#...###########
#...P≈≈###'# #....≈≈≈.#.#
#....≈≈≈.# ∆


You could see Squigly's ghost and a friendly adder.

Vanquished Creatures
  A worker ant (D:2)
  3 gnolls
  5 adders
  2 oozes (D:1)
  3 worms
  5 dart slugs
  An orc (D:3)
  3 bats
  5 giant cockroaches
  4 goblins
  7 hobgoblins
  6 jackals
  2 kobolds (D:1)
  2 quokkas (D:2)
  2 frilled lizards
  8 rats
59 creatures vanquished.

Vanquished Creatures (others)
  A bat (D:1)
1 creature vanquished.

Grand Total: 60 creatures vanquished

Notes
Turn   | Place    | Note
-------+----------+-------------------------------------------
     0 | D:1      | Lanoc the Gnoll Wizard began the quest for the Orb.
     0 | D:1      | Reached XP level 1. HP: 13/13 MP: 8/8
   135 | D:1      | Reached XP level 2. HP: 19/19 MP: 7/10
   194 | D:1      | Reached XP level 3. HP: 16/25 MP: 1/11
   428 | D:1      | Learned a level 3 spell: Mephitic Cloud
   838 | D:1      | Reached skill level 1 in Invocations
  1060 | D:2      | Reached skill level 1 in Fighting
  1060 | D:2      | Reached skill level 1 in Short Blades
  1060 | D:2      | Reached skill level 1 in Long Blades
  1060 | D:2      | Reached skill level 1 in Axes
  1060 | D:2      | Reached skill level 1 in Maces & Flails
  1060 | D:2      | Reached skill level 1 in Polearms
  1060 | D:2      | Reached skill level 1 in Staves
  1060 | D:2      | Reached skill level 1 in Slings
  1060 | D:2      | Reached skill level 1 in Bows
  1060 | D:2      | Reached skill level 1 in Crossbows
  1060 | D:2      | Reached skill level 1 in Throwing
  1060 | D:2      | Reached skill level 1 in Armour
  1060 | D:2      | Reached skill level 1 in Shields
  1060 | D:2      | Reached skill level 1 in Unarmed Combat
  1060 | D:2      | Reached skill level 1 in Evocations
  1070 | D:2      | Reached XP level 4. HP: 13/32 MP: 10/13
  1414 | D:2      | Reached skill level 1 in Hexes
  1414 | D:2      | Reached skill level 1 in Charms
  1414 | D:2      | Reached skill level 1 in Necromancy
  1414 | D:2      | Reached skill level 1 in Transmutations
  1414 | D:2      | Reached skill level 1 in Fire Magic
  1414 | D:2      | Reached skill level 1 in Ice Magic
  1414 | D:2      | Reached skill level 1 in Air Magic
  1414 | D:2      | Reached skill level 1 in Earth Magic
  1414 | D:2      | Reached skill level 1 in Poison Magic
  1595 | D:2      | Reached XP level 5. HP: 37/37 MP: 14/14
  2314 | D:3      | Learned a level 2 spell: Sticks to Snakes
  2318 | D:3      | Learned a level 3 spell: Spider Form
  2336 | D:3      | Noticed Squigly's ghost (amateur FoFi)
  2358 | D:3      | Mangled by Squigly's ghost

Vault maps used:
D:1:      sevenhm_arrival_forest_fort_small_3, lemuel_old_faithful
D:2:      first_ration
D:3:      lemuel_castle_with_subvaults, nicolae_overflow_hidden_temple,
          uniq_grinder

Skill      XL: |  1  2  3  4 |
---------------+-------------+-----
Conjurations   | 2 |  2.4
Summonings     | 2 |  2.4
Translocations | 2 |  2.4
Invocations    | 1 |  1.7
Fighting       | 1 |  1.5
Short Blades   | 1 |  1.5
Long Blades    | 1 |  1.5
Axes           | 1 |  1.5
Maces & Flails | 1 |  1.5
Polearms       | 1 |  1.5
Staves         | 1 |  1.5
Slings         | 1 |  1.5
Bows           | 1 |  1.5
Crossbows      | 1 |  1.5
Throwing       | 1 |  1.5
Armour         | 1 |  1.5
Shields        | 1 |  1.5
Unarmed Combat | 1 |  1.5
Evocations     | 1 |  1.5
Hexes          | 1 |  1.2
Charms         | 1 |  1.2
Necromancy     | 1 |  1.2
Transmutations | 1 |  1.2
Fire Magic     | 1 |  1.2
Ice Magic      | 1 |  1.2
Air Magic      | 1 |  1.2
Earth Magic    | 1 |  1.2
Poison Magic   | 1 |  1.2
Dodging        | |  4.8
Stealth        | |  4.4
Spellcasting   | |  7.3

Action                   |  1- 3 |  4- 6 || total
-------------------------+-------+-------++-------
Melee: Dagger            |    33 |    88 ||   121
       Bite              |     2 |    10 ||    12
       Unarmed           |       |     2 ||     2
 Cast: Magic Dart        |    48 |    28 ||    76
       Mephitic Cloud    |       |     2 ||     2
       Spider Form       |       |     1 ||     1
       Sticks to Snakes  |       |     1 ||     1
  Use: Potion            |       |     4 ||     4
 Stab: Sleeping          |       |     1 ||     1
  Eat: Chunk             |       |     4 ||     4
Armor: Robe              |     2 |    10 ||    12
       Skin              |       |     1 ||     1
Dodge: Dodged            |    19 |    69 ||    88

Table legend:
 A = Spawn XP
 B = Non-spawn XP
 C = Spawn XP percentage of total XP
 D = Spawn monster count
 E = Non-spawn monster count
 F = Spawn count percentage of total count
 G = Total turns spent on level
                    A         B        C        D         E        F      G
               +---------+---------+-------+---------+---------+-------+---------
         Total |       0 |     260 |   0.0 |       0 |      59 |   0.0 |  2358
               +---------+---------+-------+---------+---------+-------+---------
           D:1 |       0 |      57 |   0.0 |       0 |      17 |   0.0 |   928
           D:2 |       0 |     110 |   0.0 |       0 |      22 |   0.0 |   779
           D:3 |       0 |      93 |   0.0 |       0 |      20 |   0.0 |   651
               +---------+---------+-------+---------+---------+-------+---------
